 Dungeon Crawl Stone Soup version 0.29-a0-451-gfbfa42419e (webtiles) character file.

Game seed: 15470254286524694186

109 acebull12 the Sneak (level 5, 0/28 HPs)
             Began as a Kobold Enchanter on May 20, 2022.
             Killed by divine providence
             ... invoked by an orc priest
              (17 damage)
             ... on level 3 of the Dungeon.
             The game lasted 00:04:38 (3000 turns).

acebull12 the Sneak (Kobold Enchanter)              Turns: 3000, Time: 00:04:42

Health: 0/28       AC:  2    Str:  7    XL:     5   Next: 13%
Magic:  8/8        EV: 15    Int: 16    God:
Gold:   231        SH:  0    Dex: 16    Spells: 6/8 levels left

rFire   + . .      SeeInvis .   j - +1 dagger (venom)
rCold   + . .      Faith    .   (no shield)
rNeg    . . .      Spirit   .   b - +0 robe
rPois   .          Reflect  .   (no helmet)
rElec   .          Harm     .   m - scarf {rC+ rF+}
rCorr   .          Rampage  .   (no gloves)
Will    .....                   (no boots)
Stlth   ++++......              (no amulet)
HPRegen 0.09/turn               (no ring)
MPRegen 0.11/turn               (no ring)

@: no status effects
A: small, no large weapons, nightstalker 3
a: no special abilities


You were on level 3 of the Dungeon.
You visited 1 branch of the dungeon, and saw 3 of its levels.

You collected 231 gold pieces.

Inventory:

Hand Weapons
 a - a +1 dagger
 j - a +1 dagger of venom (weapon)
Armour
 b - a +0 robe (worn)
 m - a scarf of resistance (worn)
Scrolls
 d - 4 scrolls of identify {unknown}
 f - 2 scrolls of fear {unknown}
 i - a scroll of blinking {unknown}
 k - a scroll of fog {unknown}
 l - a scroll of teleportation {unknown}
 n - a scroll of enchant weapon {unknown}
 p - a scroll of amnesia {unknown}
 q - a scroll of vulnerability {unknown}
Potions
 c - 3 potions of invisibility
 e - 2 potions of curing {unknown}
 g - a potion of flight {unknown}
 h - 3 potions of heal wounds {unknown}
 o - a potion of cancellation {unknown}


   Skills:
 * Level 0.9 Fighting
 * Level 3.1 Short Blades
 + Level 2.5 Dodging
 + Level 5.6 Stealth
 + Level 2.4 Spellcasting
 * Level 3.6 Hexes


You had 6 spell levels left.
You knew the following spells:

 Your Spells              Type           Power      Damage    Failure   Level
a - Ensorcelled Hibernat  Hex/Ice        14%        N/A       14%         2

Your spell library contained the following spells:

 Spells                   Type           Power      Damage    Failure   Level
 Confusing Touch          Hex            13%        N/A       13%         3
 Tukima's Dance           Hex            13%        N/A       13%         3
 Dazzling Flash           Conj/Hex       14%        N/A       28%         3


Dungeon Overview and Level Annotations

Branches:
Dungeon (3/15)

Altars:


Innate Abilities, Weirdness & Mutations

You are small and have problems with some larger weapons.
You are completely attuned to the shadows.


Message History

The orc is heavily wounded.
You hit the orc.
You kill the orc!
No target in view!
q - a scroll labelled AWNOFE VYPT You see here a bat corpse.
Things that are here:
a +0 short sword; a +0 leather armour; an orc corpse You now have 215 gold pieces (gained 7).
You now have 229 gold pieces (gained 14).
Found a stone staircase leading down.
You now have 231 gold pieces (gained 2).
You see here 16 stones.
You see here a +0 ring mail.
You enter the shallow water.
Moving in this stuff is going to be slow.
You enter the shallow water.
Moving in this stuff is going to be slow.
An orc priest comes into view. It is wielding a +0 flail.
You enter the shallow water.
Moving in this stuff is going to be slow.
An orc comes into view. It is wielding a +0 flail.
The orc priest splashes around in the water.
You closely miss the orc priest.
An orc comes into view. It is wielding a +0 hand axe.
You barely miss the orc priest. The orc priest closely misses you.
The orc shouts!
You hit the orc priest but do no damage.
The orc priest is poisoned.
The orc priest misses you.
You closely miss the orc priest.
The orc priest hits you with a +0 flail.
You barely miss the orc priest. The orc priest barely misses you.
The orc shouts!
You hit the orc priest but do no damage.
The orc priest looks as sick as possible!
The orc hits you with a +0 hand axe.
The orc priest mumbles some strange prayers to Beogh against you.
Beogh smites you!
Ouch! That really hurt!
You die...

........# #.#
#####..) ......###
#.# #....... ......#
##)###.###### .#..###
##<..##.# .#..#
##.....#.# .#..#####
#####........# #
.#.......
.##............######
.........
.....................
.........
..oo@................
≈≈≈≈≈≈≈≈≈
≈≈≈o≈....≈≈≈≈≈≈≈≈≈≈≈≈
≈≈≈≈≈≈≈≈≈
≈≈≈≈≈....≈≈≈≈≈≈≈≈≈≈≈≈
≈≈≈≈≈≈≈≈
≈≈≈≈≈.)..≈≈≈≈≈≈≈≈≈≈≈≈
≈≈≈≈≈...)≈≈≈≈≈≈≈≈≈≈≈≈
####++#############


You could see an orc priest (extremely poisoned) and 2 orcs.

Vanquished Creatures
  Jessica (D:3)
  2 adders (D:3)
  A dart slug (D:3)
  A worm (D:3)
  3 orcs (D:3)
  6 bats
  2 endoplasms
  2 giant cockroaches
  3 hobgoblins
  5 jackals
  3 kobolds
  3 quokkas (D:2)
  7 ball pythons
  3 frilled lizards
  7 goblins
  4 rats
53 creatures vanquished.

Notes
Turn   | Place    | Note
-------+----------+-------------------------------------------
     0 | D:1      | acebull12 the Kobold Enchanter began the quest for the Orb.
     0 | D:1      | Reached XP level 1. HP: 10/10 MP: 3/3
   113 | D:1      | Reached XP level 2. HP: 15/15 MP: 5/5
   116 | D:1      | Learned a level 2 spell: Ensorcelled Hibernation
  1013 | D:2      | Reached XP level 3. HP: 18/19 MP: 6/6
  1884 | D:2      | Found a faded altar of an unknown god.
  2084 | D:3      | Reached skill level 5 in Stealth
  2139 | D:3      | Noticed Jessica
  2143 | D:3      | Killed Jessica
  2144 | D:3      | Reached XP level 4. HP: 24/24 MP: 7/7
  2586 | D:3      | Reached XP level 5. HP: 22/28 MP: 8/8
  3000 | D:3      | Killed from afar by an orc priest

Illustrated notes

Levels and vault maps discovered:
D:1:      elethiomel_arrival_quiet, layout_basic
D:2:      layout_basic, hellmonk_ecumenical_altar_crossroads,
          minmay_misc_feat_hallway
D:3:      minmay_goblin_kobold_castle, layout_loops_ring, minmay_quantized,
          uniq_jessica

Skill      XL: |  1  2  3  4  5 |
---------------+----------------+-----
Short Blades   | 2 3 |  3.1
Stealth        | 5 |  5.6
Fighting       | |  0.9
Dodging        | |  2.5
Spellcasting   | |  2.4
Hexes          | |  3.6

Action                   |  1- 3 |  4- 6 || total
-------------------------+-------+-------++-------
Melee: Dagger            |    68 |    53 ||   121
       Punch             |     1 |       ||     1
 Cast: Ensorcelled Hiber |     1 |       ||     1
 Stab: Sleeping          |    22 |     5 ||    27
Armor: Robe              |     2 |    12 ||    14
Dodge: Dodged            |    31 |    50 ||    81

Table legend: (Time is in decaauts)
 A = Elapsed time spent in this place.
 B = Non-inter-level travel time spent in this place.
 C = Inter-level travel time spent in this place.
 D = Time resting spent in this place.
 E = Time spent auto-exploring this place.
 F = Levels seen in this place.
 G = Mean time per level.
                   A        B        C        D        E       F      G
               +--------+--------+--------+--------+--------+-----+--------+
         Total |   2997 |   2832 |    165 |      0 |   2446 |   3 |  999.0 |
       Dungeon |   2997 |   2832 |    165 |      0 |   2446 |   3 |  999.0 |
               +--------+--------+--------+--------+--------+-----+--------+

Top non-repeatable levels by time:
     D:2: 1123 daAuts
     D:1: 948 daAuts
     D:3: 925 daAuts
